Colorado Rockies vs Hartford Whalers
Created - Saturday, September 16, 2023 at 06:46
Goals
|
| Colorado Rockies |
0 |
3 |
2 |
5 |
| Hartford Whalers |
2 |
3 |
2 |
7 |
|
Shots
|
| Colorado Rockies |
11 |
16 |
10 |
37 |
| Hartford Whalers |
7 |
16 |
21 |
44 |
|
1st period
1. Hartford Whalers , Josh Anderson 3 (Taylor Hall 12, Alec Martinez 6) at 12:46
2. Hartford Whalers , Alexander Wennberg 9 (Josh Anderson 3, Jaccob Slavin 8) at 16:55
Penalties :
John Hayden (HFD) for Slashing (Minor) at 1:04
2nd period
3. Colorado Rockies , Nikita Kucherov 10 (Tim Stutzle 12) at 4:16
4. Colorado Rockies , Quinn Hughes 5 (Jesper Bratt 8, David Pastrnak 11) at 5:20 (PP)
5. Hartford Whalers , Alexander Wennberg 10 (Taylor Hall 13) at 14:44 (PP)
6. Colorado Rockies , David Pastrnak 6 (Evgeny Kuznetsov 8) at 16:38
7. Hartford Whalers , Alexis Lafreniere 9 (Jaccob Slavin 9, Casey Cizikas 14) at 18:04
8. Hartford Whalers , John Hayden 2 (Joshua Norris 3, Anthony Mantha 4) at 19:46
Penalties :
Josh Anderson (HFD) for Elbowing (Minor) at 5:12, Connor Clifton (HFD) for Roughing (Minor) at 8:05, Thomas Chabot (HFD) for Tripping (Minor) at 11:30, David Pastrnak (COL) for Roughing (Minor) at 14:40
3rd period
9. Colorado Rockies , Kyle Palmieri 3 (Kevin Hayes 2, Nick Bonino 2) at 3:05
10. Colorado Rockies , Evgeny Kuznetsov 4 (Nick Schmaltz 5, Andrei Vasilevskiy) at 15:46
11. Hartford Whalers , Lukas Reichel 2 (Alec Martinez 7, Trevor van Riemsdyk 5) at 16:43
12. Hartford Whalers , Alexander Wennberg 11 (Taylor Hall 14, Thomas Chabot 13) at 19:11 (Empty Net)
Penalties :
Thomas Chabot (HFD) for Tripping (Minor) at 0:52, Thomas Chabot (HFD) for Hooking (Minor) at 4:15, Kyle Palmieri (COL) for Tripping (Minor) at 7:23, Martin Fehervary (COL) for Hooking (Minor) at 13:36, John Hayden (HFD) for Interference (Minor) at 19:56
Goalie Stats
Andrei Vasilevskiy (COL), 37 saves from 43 shots - (0.860), L, 10-6-1, 59:27 minutes
Anton Forsberg (HFD), 32 saves from 37 shots - (0.865), W, 4-6-4, 60:00 minutes
Players Stats for Colorado Rockies
Player Name G A P +/- PIM S H SB GA TA FO MP PP MP PK MP
------------------------------------------------------------------------------------
David Pastrnak 1 1 2 0 2 2 2 0 0 0 1/1 16:33 4:59 0:00
Dylan Strome 0 0 0 0 0 0 0 0 0 0 5/9 11:57 0:00 0:00
Evgeny Kuznetsov 1 1 2 0 0 4 1 1 1 1 10/25 14:05 0:00 1:48
Jesper Bratt 0 1 1 0 0 2 2 1 0 0 2/2 16:03 4:59 0:00
Kevin Hayes 0 1 1 1 0 4 0 1 0 0 0/0 7:32 0:00 0:00
Kyle Connor 0 0 0 -1 0 3 0 0 0 0 0/2 16:57 5:07 0:00
Kyle Palmieri 1 0 1 1 2 5 1 1 1 0 0/0 7:40 0:00 0:00
Martin Fehervary 0 0 0 -2 2 1 1 3 0 0 0/0 16:52 0:58 1:22
Nick Bonino 0 1 1 1 0 0 1 0 0 0 3/4 10:14 0:19 2:14
Nick Schmaltz 0 1 1 1 0 5 0 1 0 0 0/1 12:23 0:00 0:15
Nikita Kucherov 1 0 1 -3 0 3 1 0 2 0 0/2 19:43 5:07 0:00
Quinn Hughes 1 0 1 1 0 1 2 5 0 1 0/0 28:02 5:14 2:46
Roman Josi 0 0 0 -2 0 0 4 2 0 0 0/0 26:21 5:58 2:52
Ryan O'Reilly 0 0 0 -2 0 1 1 0 0 1 12/24 21:57 4:59 2:14
Shea Theodore 0 0 0 -2 0 3 3 0 2 1 0/0 24:45 4:38 0:45
Tim Stutzle 0 1 1 -3 0 3 0 1 0 1 2/6 22:08 4:48 1:48
Victor Hedman 0 0 0 0 0 0 1 2 0 0 0/0 15:03 2:30 0:04
Zachary Werenski 0 0 0 0 0 0 3 1 0 1 0/0 7:40 0:54 0:00
Players Stats for Hartford Whalers
Player Name G A P +/- PIM S H SB GA TA FO MP PP MP PK MP
------------------------------------------------------------------------------------
Alec Martinez 0 2 2 1 0 2 4 1 0 0 0/0 23:36 2:15 4:56
Alexander Wennberg 3 0 3 1 0 5 2 1 0 1 16/27 20:28 2:02 4:59
Alexis Lafreniere 1 0 1 0 0 6 1 0 2 0 0/5 14:35 2:00 0:12
Anthony Mantha 0 1 1 0 0 1 2 0 0 0 0/0 13:02 0:00 0:40
Casey Cizikas 0 1 1 0 0 0 0 0 1 0 13/21 18:59 2:00 4:33
Connor Clifton 0 0 0 -1 2 0 0 2 0 0 0/0 15:43 0:00 2:33
Haydn Fleury 0 0 0 1 0 0 0 0 0 0 0/0 8:12 0:00 0:32
Jaccob Slavin 0 2 2 2 0 2 0 1 1 2 0/0 23:12 1:47 5:06
John Hayden 1 0 1 0 4 3 2 0 0 0 0/1 12:17 0:00 0:00
Josh Anderson 1 1 2 2 2 5 1 0 0 0 1/1 19:59 2:02 4:49
Joshua Norris 0 1 1 0 0 6 0 0 0 0 9/15 12:18 0:00 0:00
Lukas Reichel 1 0 1 1 0 2 0 0 0 0 2/4 7:40 0:00 0:00
Marcus Foligno 0 0 0 0 0 0 2 1 0 0 0/0 14:22 2:00 0:00
Mark Kastelic 0 0 0 1 0 0 0 1 1 0 0/0 7:40 0:00 0:00
Taylor Hall 0 3 3 1 0 4 2 1 0 0 0/2 20:28 2:02 4:59
Thomas Chabot 0 1 1 1 6 3 0 1 1 1 0/0 20:28 1:47 2:05
Torey Krug 0 0 0 -1 0 4 1 0 0 1 0/0 13:12 0:00 0:04
Trevor van Riemsdyk 0 1 1 1 0 1 0 5 0 1 0/0 23:36 2:15 4:56
3 Stars
1 - Alexander Wennberg (HFD)
2 - Taylor Hall (HFD)
3 - Alec Martinez (HFD)
Power Play
Colorado Rockies - 1 on 7 Attempt(s) - 14.29%
Hartford Whalers - 1 on 3 Attempt(s) - 33.33%
Penalty Kill
Colorado Rockies - 2 on 3 Attempt(s) - 66.67%
- Score 0 goal in Penalty Kill
Hartford Whalers - 6 on 7 Attempt(s) - 85.71%
- Score 0 goal in Penalty Kill
Team Stat
Colorado Rockies - Hits : 23 - Faceoff Wins : 35 - Blocked Shots : 19 - Penalty Minutes : 6
Hartford Whalers - Hits : 17 - Faceoff Wins : 41 - Blocked Shots : 14 - Penalty Minutes : 14
Official
Referees : Mike Leggo and Steve Kozari
Linesman : Jonny Murray and Lonnie Cameron
Game Notes
Zachary Werenski is injured at 1:04 of 2nd period (Bruised Right Arm)
Victor Hedman is injured at 18:18 of 2nd period (Sprained Left Knee)
Alexander Wennberg has scored a Hat Trick!
Alexander Wennberg has scored in a empty net!
Finance
Level 1 -- Attendance: 5119 (51.19%) -- Ticket Income $511,900
Level 2 -- Attendance: 3729 (74.58%) -- Ticket Income $223,740
Level 3 -- Attendance: 2462 (82.07%) -- Ticket Income $86,170
Level 4 -- Attendance: 3979 (79.58%) -- Ticket Income $99,475
Luxury Box -- Attendance: 714 (71.40%) -- Ticket Income $142,800
Game was played at the Hartford Civic Center.
Total Attendance: 16003 (66.68%)
Total Ticket Income: $1,064,085
Other Income: $372,430
Total Income: $1,436,515
Colorado Rockies
5 vs 5 Forward
Center Left Wing Right Wing Time % Phy DF OF
1 Ryan O'Reilly Tim Stutzle Nikita Kucherov 33 1 2 2
2 Evgeny Kuznetsov Kyle Connor David Pastrnak 30 1 2 2
3 Dylan Strome Jesper Bratt Nick Schmaltz 25 1 2 2
4 Nick Bonino Kevin Hayes Kyle Palmieri 12 1 2 2
5 vs 5 Defense
Defense Defense Time % Phy DF OF
1 Victor Hedman Quinn Hughes 35 1 2 2
2 Roman Josi Zachary Werenski 33 1 2 2
3 Shea Theodore Martin Fehervary 27 1 2 2
4 Victor Hedman Roman Josi 5 1 2 2
PowerPlay Forward
Center Left Wing Right Wing Time % Phy DF OF
1 Tim Stutzle Kyle Connor Nikita Kucherov 50 1 2 2
2 Ryan O'Reilly Jesper Bratt David Pastrnak 50 1 2 2
PowerPlay Defense
Defense Defense Time % Phy DF OF
1 Victor Hedman Roman Josi 50 1 2 2
2 Quinn Hughes Zachary Werenski 50 1 2 2
Penalty Kill 4 Players Forward
Center Wing Time % Phy DF OF
1 Ryan O'Reilly Nick Bonino 50 1 2 2
2 Evgeny Kuznetsov Tim Stutzle 50 1 2 2
Penalty Kill 4 Players Defense
Defense Defense Time % Phy DF OF
1 Victor Hedman Roman Josi 50 1 2 2
2 Quinn Hughes Zachary Werenski 50 1 2 2
Penalty Kill - 3 Players Forward
Forward Time % Phy DF OF
1 Ryan O'Reilly 50 1 2 2
2 Nick Bonino 50 1 2 2
Penalty Kill - 3 Players Defense
Defense Defense Time % Phy DF OF
1 Victor Hedman Roman Josi 50 1 2 2
2 Quinn Hughes Zachary Werenski 50 1 2 2
4 vs 4 Forward
Center Wing Time % Phy DF OF
1 Tim Stutzle Nikita Kucherov 50 1 2 2
2 Ryan O'Reilly David Pastrnak 50 1 2 2
4 vs 4 Defense
Defense Defense Time % Phy DF OF
1 Victor Hedman Roman Josi 50 1 2 2
2 Quinn Hughes Zachary Werenski 50 1 2 2
Last Minutes Offensive
Center Left Wing Right Wing Defense Defense
Tim Stutzle Kyle Connor Nikita Kucherov Victor Hedman Roman Josi
Last Minutes Defensive
Center Left Wing Right Wing Defense Defense
Tim Stutzle Kyle Connor Nikita Kucherov Victor Hedman Roman Josi
Goaltenders
Starting : Andrei Vasilevskiy
Backup : Ilya Samsonov
Extra Forwards
Normal : Nick Bonino, Ryan O'Reilly, Evgeny Kuznetsov - PP : Nick Bonino, Ryan O'Reilly - PK : Evgeny Kuznetsov
Extra Defensemen
Normal : Shea Theodore, Martin Fehervary, Quinn Hughes - PP : Shea Theodore - PK : Martin Fehervary, Quinn Hughes
Penalty Shots
Tim Stutzle, Nikita Kucherov, David Pastrnak, Kyle Connor, Jesper Bratt
Hartford Whalers
5 vs 5 Forward
Center Left Wing Right Wing Time % Phy DF OF
1 Alexander Wennberg Taylor Hall Josh Anderson 30 1 2 2
2 Casey Cizikas Marcus Foligno Alexis Lafreniere 30 1 2 2
3 Joshua Norris Anthony Mantha John Hayden 25 1 2 2
4 Lukas Reichel Mark Kastelic Haydn Fleury 15 1 2 2
5 vs 5 Defense
Defense Defense Time % Phy DF OF
1 Jaccob Slavin Thomas Chabot 35 1 2 2
2 Trevor van Riemsdyk Alec Martinez 35 1 2 2
3 Torey Krug Connor Clifton 30 1 2 2
4 Jaccob Slavin Thomas Chabot 0 1 2 2
PowerPlay Forward
Center Left Wing Right Wing Time % Phy DF OF
1 Alexander Wennberg Taylor Hall Josh Anderson 50 1 2 2
2 Casey Cizikas Marcus Foligno Alexis Lafreniere 50 1 2 2
PowerPlay Defense
Defense Defense Time % Phy DF OF
1 Jaccob Slavin Thomas Chabot 50 1 2 2
2 Trevor van Riemsdyk Alec Martinez 50 1 2 2
Penalty Kill 4 Players Forward
Center Wing Time % Phy DF OF
1 Alexander Wennberg Taylor Hall 50 1 2 2
2 Josh Anderson Casey Cizikas 50 1 2 2
Penalty Kill 4 Players Defense
Defense Defense Time % Phy DF OF
1 Jaccob Slavin Thomas Chabot 50 1 2 2
2 Trevor van Riemsdyk Alec Martinez 50 1 2 2
Penalty Kill - 3 Players Forward
Forward Time % Phy DF OF
1 Alexander Wennberg 50 1 2 2
2 Taylor Hall 50 1 2 2
Penalty Kill - 3 Players Defense
Defense Defense Time % Phy DF OF
1 Jaccob Slavin Thomas Chabot 50 1 2 2
2 Trevor van Riemsdyk Alec Martinez 50 1 2 2
4 vs 4 Forward
Center Wing Time % Phy DF OF
1 Alexander Wennberg Taylor Hall 50 1 2 2
2 Josh Anderson Casey Cizikas 50 1 2 2
4 vs 4 Defense
Defense Defense Time % Phy DF OF
1 Jaccob Slavin Thomas Chabot 50 1 2 2
2 Trevor van Riemsdyk Alec Martinez 50 1 2 2
Last Minutes Offensive
Center Left Wing Right Wing Defense Defense
Alexander Wennberg Taylor Hall Josh Anderson Jaccob Slavin Thomas Chabot
Last Minutes Defensive
Center Left Wing Right Wing Defense Defense
Alexander Wennberg Taylor Hall Josh Anderson Jaccob Slavin Thomas Chabot
Goaltenders
Starting : Anton Forsberg
Backup : Logan Thompson
Extra Forwards
Normal : Mark Kastelic, Joshua Norris, Anthony Mantha - PP : Mark Kastelic, Joshua Norris - PK : Anthony Mantha
Extra Defensemen
Normal : Torey Krug, Connor Clifton, Haydn Fleury - PP : Torey Krug - PK : Connor Clifton, Haydn Fleury
Penalty Shots
Alexander Wennberg, Taylor Hall, Josh Anderson, Casey Cizikas, Marcus Foligno
% Time on Ice - Colorado Rockies
Lines # - Real PCT - Wanted PCT - Time Play
Normal Forward
1 - 32% - 33% - 14:30
2 - 26% - 30% - 11:38
3 - 26% - 25% - 11:57
4 - 17% - 12% - 7:32
Normal Defense
1 - 37% - 35% - 17:05
2 - 34% - 33% - 15:38
3 - 25% - 27% - 11:18
4 - 4% - 5% - 1:36
PP Forward
1 - 51% - 50% - 5:07
2 - 49% - 50% - 4:59
PP Defense
1 - 47% - 50% - 4:42
2 - 53% - 50% - 5:24
PK Forward
1 - 55% - 50% - 2:14
2 - 45% - 50% - 1:48
PK Defense
1 - 45% - 50% - 1:49
2 - 55% - 50% - 2:13
PK3 Forward
1 - 0% - 50%
2 - 0% - 50%
PK3 Defense
1 - 0% - 50%
2 - 0% - 50%
44 Forward
1 - 0% - 50%
2 - 0% - 50%
44 Defense
1 - 0% - 50%
2 - 0% - 50%
Last Minute Offensive - 0:15
Last Minute Defensive - 0:00
Total
Forward - 60:00
Defense - 60:00
|
% Time on Ice - Hartford Whalers
Lines # - Real PCT - Wanted PCT - Time Play
Normal Forward
1 - 29% - 30% - 13:12
2 - 27% - 30% - 12:27
3 - 27% - 25% - 12:18
4 - 17% - 15% - 7:40
Normal Defense
1 - 35% - 35% - 16:09
2 - 36% - 35% - 16:25
3 - 29% - 30% - 13:03
4 - 0% - 0% - 0:00
PP Forward
1 - 50% - 50% - 2:02
2 - 50% - 50% - 2:00
PP Defense
1 - 44% - 50% - 1:47
2 - 56% - 50% - 2:15
PK Forward
1 - 49% - 50% - 4:59
2 - 51% - 50% - 5:07
PK Defense
1 - 51% - 50% - 5:10
2 - 49% - 50% - 4:56
PK3 Forward
1 - 0% - 50%
2 - 0% - 50%
PK3 Defense
1 - 0% - 50%
2 - 0% - 50%
44 Forward
1 - 0% - 50%
2 - 0% - 50%
44 Defense
1 - 0% - 50%
2 - 0% - 50%
Last Minute Offensive - 0:00
Last Minute Defensive - 0:15
Total
Forward - 60:00
Defense - 60:00
|
Play-by-Play
1st period
0:01 of 1st period - Ryan O'Reilly wins face-off versus Taylor Hall in neutral zone.
0:27 of 1st period - Jaccob Slavin is hit by David Pastrnak and loses puck.
1:04 of 1st period - Minor Penalty to John Hayden for Slashing.
1:05 of 1st period - Alexander Wennberg wins face-off versus Tim Stutzle in Hartford Whalers zone.
1:36 of 1st period - Alexander Wennberg is hit by Roman Josi and loses puck.
3:04 of 1st period - Penalty to John Hayden is over, John Hayden is back on ice.
3:22 of 1st period - Haydn Fleury is hit by Zachary Werenski and loses puck.
3:45 of 1st period - Snap shot by Joshua Norris.
3:45 of 1st period - Deflect By John Hayden.
3:45 of 1st period - Shot Blocked by Martin Fehervary.
3:45 of 1st period - Puck is out of play.
3:46 of 1st period - Dylan Strome wins face-off versus Joshua Norris in Colorado Rockies zone.
3:57 of 1st period - Zachary Werenski is hit by Anthony Mantha and loses puck.
4:11 of 1st period - Off-side.
4:12 of 1st period - Casey Cizikas wins face-off versus Ryan O'Reilly in neutral zone.
6:22 of 1st period - Slapshot by Taylor Hall.
6:22 of 1st period - Stopped by Andrei Vasilevskiy without a rebound.
6:23 of 1st period - Joshua Norris wins face-off versus Dylan Strome in Colorado Rockies zone.
7:16 of 1st period - Ryan O'Reilly is hit by Alec Martinez and loses puck.
7:30 of 1st period - Slapshot by Nikita Kucherov.
7:30 of 1st period - Deflect By Tim Stutzle.
7:30 of 1st period - Shot Blocked by Trevor van Riemsdyk.
7:30 of 1st period - Puck is out of play.
7:31 of 1st period - Evgeny Kuznetsov wins face-off versus Casey Cizikas in Hartford Whalers zone.
7:32 of 1st period - Wrist shot by David Pastrnak.
7:32 of 1st period - Stopped by Anton Forsberg with a rebound.
7:45 of 1st period - Zachary Werenski is hit by Alexis Lafreniere and loses puck.
7:56 of 1st period - Taylor Hall is hit by Zachary Werenski.
8:25 of 1st period - Wrist shot by Kyle Palmieri.
8:25 of 1st period - Stopped by Anton Forsberg with a rebound.
8:27 of 1st period - Slapshot by Nick Bonino.
8:27 of 1st period - Shot Misses the Net.
8:36 of 1st period - Icing by Joshua Norris.
8:37 of 1st period - Joshua Norris wins face-off versus Evgeny Kuznetsov in Hartford Whalers zone.
8:44 of 1st period - Zachary Werenski is hit by Marcus Foligno and loses puck.
9:11 of 1st period - Wrist shot by Josh Anderson.
9:11 of 1st period - Stopped by Andrei Vasilevskiy with a rebound.
9:13 of 1st period - Snap shot by Jaccob Slavin.
9:13 of 1st period - Shot Misses the Net.
9:49 of 1st period - Snap shot by Kyle Palmieri.
9:49 of 1st period - Shot Misses the Net.
9:55 of 1st period - Mark Kastelic is hit by Zachary Werenski and loses puck.
10:16 of 1st period - Wrist shot by Alexis Lafreniere.
10:16 of 1st period - Shot Blocked by Quinn Hughes.
10:28 of 1st period - Ryan O'Reilly is hit by Torey Krug and loses puck.
10:53 of 1st period - Wrist shot by Nikita Kucherov.
10:53 of 1st period - Shot Misses the Net.
10:55 of 1st period - Slapshot by Quinn Hughes.
10:55 of 1st period - Shot Blocked by Connor Clifton.
10:57 of 1st period - Slapshot by Quinn Hughes.
10:57 of 1st period - Shot Blocked by Connor Clifton.
11:18 of 1st period - Wrist shot by Tim Stutzle.
11:18 of 1st period - Shot Misses the Net.
11:20 of 1st period - Slapshot by Victor Hedman.
11:20 of 1st period - Shot Misses the Net.
11:22 of 1st period - Wrist shot by Nikita Kucherov.
11:22 of 1st period - Shot Misses the Net.
11:24 of 1st period - Snap shot by Ryan O'Reilly.
11:24 of 1st period - Stopped by Anton Forsberg with a rebound.
11:26 of 1st period - Slapshot by Victor Hedman.
11:26 of 1st period - Deflect By Tim Stutzle.
11:26 of 1st period - Shot Misses the Net.
11:26 of 1st period - Puck is out of play.
11:27 of 1st period - David Pastrnak wins face-off versus Casey Cizikas in Hartford Whalers zone.
11:28 of 1st period - Snap shot by Kyle Connor.
11:28 of 1st period - Shot Blocked by Marcus Foligno.
11:30 of 1st period - Slapshot by Martin Fehervary.
11:30 of 1st period - Deflect By Marcus Foligno.
11:30 of 1st period - Stopped by Anton Forsberg without a rebound.
11:31 of 1st period - Casey Cizikas wins face-off versus Evgeny Kuznetsov in Hartford Whalers zone.
11:31 of 1st period - Casey Cizikas is hit by Martin Fehervary.
11:48 of 1st period - Icing by Marcus Foligno.
11:49 of 1st period - Casey Cizikas wins face-off versus Dylan Strome in Hartford Whalers zone.
12:12 of 1st period - Icing by Casey Cizikas.
12:13 of 1st period - Evgeny Kuznetsov wins face-off versus Alexis Lafreniere in Hartford Whalers zone.
12:18 of 1st period - Slapshot by Kyle Connor.
12:18 of 1st period - Shot Misses the Net.
12:44 of 1st period - Snap shot by Taylor Hall.
12:44 of 1st period - Shot Misses the Net.
12:46 of 1st period - Snap shot by Josh Anderson.
12:46 of 1st period - Goal by Josh Anderson - Colorado Rockies : 0 - Hartford Whalers : 1.
12:47 of 1st period - Evgeny Kuznetsov wins face-off versus Alexander Wennberg in neutral zone.
13:20 of 1st period - Snap shot by Tim Stutzle.
13:20 of 1st period - Shot Blocked by Thomas Chabot.
13:38 of 1st period - Wrist shot by Joshua Norris.
13:38 of 1st period - Stopped by Andrei Vasilevskiy without a rebound.
13:39 of 1st period - Alexander Wennberg wins face-off versus Nick Schmaltz in Colorado Rockies zone.
13:56 of 1st period - Wrist shot by Jesper Bratt.
13:56 of 1st period - Stopped by Anton Forsberg with a rebound.
13:58 of 1st period - Slapshot by Victor Hedman.
13:58 of 1st period - Shot Blocked by Trevor van Riemsdyk.
14:02 of 1st period - Snap shot by Jesper Bratt.
14:02 of 1st period - Stopped by Anton Forsberg with a rebound.
14:10 of 1st period - Snap shot by Dylan Strome.
14:10 of 1st period - Shot Blocked by Alexander Wennberg.
14:12 of 1st period - Slapshot by Martin Fehervary.
14:12 of 1st period - Shot Blocked by Alec Martinez.
14:20 of 1st period - Wrist shot by Nick Schmaltz.
14:20 of 1st period - Stopped by Anton Forsberg with a rebound.
14:22 of 1st period - Slapshot by Martin Fehervary.
14:22 of 1st period - Shot Blocked by Taylor Hall.
14:36 of 1st period - Wrist shot by Dylan Strome.
14:36 of 1st period - Shot Blocked by Trevor van Riemsdyk.
14:38 of 1st period - Snap shot by Nick Schmaltz.
14:38 of 1st period - Stopped by Anton Forsberg without a rebound.
14:39 of 1st period - Evgeny Kuznetsov wins face-off versus John Hayden in Hartford Whalers zone.
14:48 of 1st period - Wrist shot by Anthony Mantha.
14:48 of 1st period - Shot Misses the Net.
15:09 of 1st period - Wrist shot by Kyle Connor.
15:09 of 1st period - Deflect By David Pastrnak.
15:09 of 1st period - Shot Misses the Net.
15:09 of 1st period - Puck is out of play.
15:10 of 1st period - Lukas Reichel wins face-off versus Ryan O'Reilly in Hartford Whalers zone.
15:49 of 1st period - Snap shot by Alexis Lafreniere.
15:49 of 1st period - Stopped by Andrei Vasilevskiy with a rebound.
15:51 of 1st period - Slapshot by Connor Clifton.
15:51 of 1st period - Deflect By Alexis Lafreniere.
15:51 of 1st period - Stopped by Andrei Vasilevskiy without a rebound.
15:52 of 1st period - Alexander Wennberg wins face-off versus Evgeny Kuznetsov in Colorado Rockies zone.
16:03 of 1st period - Wrist shot by Kyle Connor.
16:03 of 1st period - Shot Misses the Net.
16:19 of 1st period - Nikita Kucherov is hit by John Hayden and loses puck.
16:28 of 1st period - Slapshot by Anthony Mantha.
16:28 of 1st period - Deflect By Joshua Norris.
16:28 of 1st period - Shot Blocked by Quinn Hughes.
16:28 of 1st period - Puck is out of play.
16:29 of 1st period - Evgeny Kuznetsov wins face-off versus Casey Cizikas in Colorado Rockies zone.
16:29 of 1st period - Evgeny Kuznetsov is hit by Marcus Foligno.
16:41 of 1st period - Wrist shot by Evgeny Kuznetsov.
16:41 of 1st period - Stopped by Anton Forsberg without a rebound.
16:42 of 1st period - Ryan O'Reilly wins face-off versus Alexander Wennberg in Hartford Whalers zone.
16:55 of 1st period - Snap shot by Josh Anderson.
16:55 of 1st period - Deflect By Alexander Wennberg.
16:55 of 1st period - Goal by Alexander Wennberg - Colorado Rockies : 0 - Hartford Whalers : 2.
16:56 of 1st period - Joshua Norris wins face-off versus Evgeny Kuznetsov in neutral zone.
17:27 of 1st period - Snap shot by Kyle Palmieri.
17:27 of 1st period - Stopped by Anton Forsberg with a rebound.
17:56 of 1st period - Slapshot by Tim Stutzle.
17:56 of 1st period - Shot Misses the Net.
18:14 of 1st period - Wrist shot by David Pastrnak.
18:14 of 1st period - Deflect By Evgeny Kuznetsov.
18:14 of 1st period - Stopped by Anton Forsberg without a rebound.
18:15 of 1st period - Dylan Strome wins face-off versus Taylor Hall in Hartford Whalers zone.
Goals for this period are 0 for Colorado Rockies vs 2 for Hartford Whalers.
Shots for this period are 11 for Colorado Rockies vs 7 for Hartford Whalers.
2nd period
0:01 of 2nd period - Alexander Wennberg wins face-off versus Ryan O'Reilly in neutral zone.
0:10 of 2nd period - Wrist shot by Taylor Hall.
0:10 of 2nd period - Stopped by Andrei Vasilevskiy without a rebound.
0:11 of 2nd period - Alexander Wennberg wins face-off versus Ryan O'Reilly in Colorado Rockies zone.
0:12 of 2nd period - Slapshot by Josh Anderson.
0:12 of 2nd period - Stopped by Andrei Vasilevskiy with a rebound.
0:14 of 2nd period - Backhand shot by Taylor Hall.
0:14 of 2nd period - Deflect By Alexander Wennberg.
0:14 of 2nd period - Shot Misses the Net.
0:14 of 2nd period - Puck is out of play.
0:15 of 2nd period - Alexander Wennberg wins face-off versus Ryan O'Reilly in Colorado Rockies zone.
0:20 of 2nd period - Wrist shot by Alexander Wennberg.
0:20 of 2nd period - Stopped by Andrei Vasilevskiy without a rebound.
0:21 of 2nd period - Alexander Wennberg wins face-off versus Ryan O'Reilly in Colorado Rockies zone.
0:42 of 2nd period - Slapshot by Taylor Hall.
0:42 of 2nd period - Stopped by Andrei Vasilevskiy with a rebound.
0:44 of 2nd period - Backhand shot by Alexander Wennberg.
0:44 of 2nd period - Shot Misses the Net.
1:02 of 2nd period - Wrist shot by Alexander Wennberg.
1:02 of 2nd period - Stopped by Andrei Vasilevskiy with a rebound.
1:04 of 2nd period - Slapshot by Thomas Chabot.
1:04 of 2nd period - Shot Blocked by Zachary Werenski.
1:04 of 2nd period - Zachary Werenski from Colorado Rockies is injured at 1:04 of 2nd period (Bruised Right Arm).
1:05 of 2nd period - Evgeny Kuznetsov wins face-off versus Joshua Norris in Colorado Rockies zone.
1:31 of 2nd period - Trevor van Riemsdyk is hit by Victor Hedman and loses puck.
1:40 of 2nd period - Nick Schmaltz is hit by Alec Martinez and loses puck.
2:34 of 2nd period - Off-side.
2:35 of 2nd period - Nick Bonino wins face-off versus Joshua Norris in neutral zone.
3:07 of 2nd period - Snap shot by Kyle Palmieri.
3:07 of 2nd period - Stopped by Anton Forsberg with a rebound.
3:09 of 2nd period - Snap shot by Kevin Hayes.
3:09 of 2nd period - Stopped by Anton Forsberg with a rebound.
3:11 of 2nd period - Snap shot by Shea Theodore.
3:11 of 2nd period - Deflect By Thomas Chabot.
3:11 of 2nd period - Stopped by Anton Forsberg with a rebound.
3:13 of 2nd period - Snap shot by Kevin Hayes.
3:13 of 2nd period - Stopped by Anton Forsberg with a rebound.
3:15 of 2nd period - Slapshot by Martin Fehervary.
3:15 of 2nd period - Shot Misses the Net.
3:17 of 2nd period - Slapshot by Nick Bonino.
3:17 of 2nd period - Shot Misses the Net.
3:19 of 2nd period - Backhand shot by Kevin Hayes.
3:19 of 2nd period - Stopped by Anton Forsberg without a rebound.
3:20 of 2nd period - Casey Cizikas wins face-off versus Kyle Connor in Hartford Whalers zone.
3:35 of 2nd period - Snap shot by Kyle Connor.
3:35 of 2nd period - Deflect By Alec Martinez.
3:35 of 2nd period - Stopped by Anton Forsberg with a rebound.
3:37 of 2nd period - Slapshot by Kyle Connor.
3:37 of 2nd period - Stopped by Anton Forsberg with a rebound.
3:47 of 2nd period - Nick Schmaltz is hit by Josh Anderson and loses puck.
4:16 of 2nd period - Wrist shot by Nikita Kucherov.
4:16 of 2nd period - Goal by Nikita Kucherov - Colorado Rockies : 1 - Hartford Whalers : 2.
4:17 of 2nd period - Casey Cizikas wins face-off versus Evgeny Kuznetsov in neutral zone.
5:09 of 2nd period - Snap shot by Nick Schmaltz.
5:09 of 2nd period - Stopped by Anton Forsberg without a rebound.
5:10 of 2nd period - Alexander Wennberg wins face-off versus Evgeny Kuznetsov in Hartford Whalers zone.
5:12 of 2nd period - Minor Penalty to Josh Anderson for Elbowing.
5:13 of 2nd period - Ryan O'Reilly wins face-off versus Alexander Wennberg in Hartford Whalers zone.
5:20 of 2nd period - Slapshot by Quinn Hughes.
5:20 of 2nd period - Goal by Quinn Hughes - Colorado Rockies : 2 - Hartford Whalers : 2.
5:21 of 2nd period - Evgeny Kuznetsov wins face-off versus Casey Cizikas in neutral zone.
5:38 of 2nd period - Marcus Foligno is hit by David Pastrnak and loses puck.
6:17 of 2nd period - Wrist shot by Joshua Norris.
6:17 of 2nd period - Shot Blocked by Victor Hedman.
6:19 of 2nd period - Slapshot by Thomas Chabot.
6:19 of 2nd period - Shot Misses the Net.
6:21 of 2nd period - Slapshot by Joshua Norris.
6:21 of 2nd period - Stopped by Andrei Vasilevskiy with a rebound.
7:25 of 2nd period - Wrist shot by Tim Stutzle.
7:25 of 2nd period - Stopped by Anton Forsberg with a rebound.
7:27 of 2nd period - Slapshot by Shea Theodore.
7:27 of 2nd period - Stopped by Anton Forsberg with a rebound.
8:05 of 2nd period - Minor Penalty to Connor Clifton for Roughing.
8:06 of 2nd period - Tim Stutzle wins face-off versus Alexander Wennberg in Hartford Whalers zone.
8:21 of 2nd period - Snap shot by Tim Stutzle.
8:21 of 2nd period - Stopped by Anton Forsberg with a rebound.
8:23 of 2nd period - Snap shot by Kyle Connor.
8:23 of 2nd period - Stopped by Anton Forsberg with a rebound.
8:43 of 2nd period - Slapshot by Jesper Bratt.
8:43 of 2nd period - Shot Misses the Net.
10:05 of 2nd period - Penalty to Connor Clifton is over, Connor Clifton is back on ice.
10:58 of 2nd period - Wrist shot by Alexis Lafreniere.
10:58 of 2nd period - Shot Hit the Post.
11:00 of 2nd period - Wrist shot by Alexis Lafreniere.
11:00 of 2nd period - Shot Misses the Net.
11:02 of 2nd period - Snap shot by Alexis Lafreniere.
11:02 of 2nd period - Shot Blocked by Nick Schmaltz.
11:24 of 2nd period - Kevin Hayes is hit by Alexander Wennberg and loses puck.
11:30 of 2nd period - Minor Penalty to Thomas Chabot for Tripping.
11:31 of 2nd period - Jesper Bratt wins face-off versus Alexander Wennberg in Hartford Whalers zone.
11:57 of 2nd period - Kyle Connor is hit by Alec Martinez and loses puck.
13:30 of 2nd period - Penalty to Thomas Chabot is over, Thomas Chabot is back on ice.
13:36 of 2nd period - Alec Martinez is hit by Kyle Palmieri and loses puck.
14:01 of 2nd period - Snap shot by Lukas Reichel.
14:01 of 2nd period - Shot Blocked by Jesper Bratt.
14:15 of 2nd period - Alec Martinez is hit by Quinn Hughes and loses puck.
14:38 of 2nd period - Snap shot by Anthony Mantha.
14:38 of 2nd period - Shot Blocked by Martin Fehervary.
14:40 of 2nd period - Minor Penalty to David Pastrnak for Roughing.
14:41 of 2nd period - Alexander Wennberg wins face-off versus Ryan O'Reilly in Colorado Rockies zone.
14:42 of 2nd period - Snap shot by Taylor Hall.
14:42 of 2nd period - Shot Misses the Net.
14:44 of 2nd period - Slapshot by Alexander Wennberg.
14:44 of 2nd period - Goal by Alexander Wennberg - Colorado Rockies : 2 - Hartford Whalers : 3.
14:45 of 2nd period - Ryan O'Reilly wins face-off versus Alexander Wennberg in neutral zone.
14:52 of 2nd period - Snap shot by Nikita Kucherov.
14:52 of 2nd period - Shot Misses the Net.
15:37 of 2nd period - John Hayden is hit by Shea Theodore.
16:30 of 2nd period - Snap shot by Kevin Hayes.
16:30 of 2nd period - Shot Misses the Net.
16:32 of 2nd period - Snap shot by Kyle Palmieri.
16:32 of 2nd period - Stopped by Anton Forsberg with a rebound.
16:34 of 2nd period - Wrist shot by Kevin Hayes.
16:34 of 2nd period - Shot Blocked by Trevor van Riemsdyk.
16:36 of 2nd period - Snap shot by Quinn Hughes.
16:36 of 2nd period - Deflect By Kyle Palmieri.
16:36 of 2nd period - Shot Misses the Net.
16:36 of 2nd period - Puck is out of play.
16:37 of 2nd period - Evgeny Kuznetsov wins face-off versus Casey Cizikas in Hartford Whalers zone.
16:38 of 2nd period - Snap shot by David Pastrnak.
16:38 of 2nd period - Goal by David Pastrnak - Colorado Rockies : 3 - Hartford Whalers : 3.
16:39 of 2nd period - Ryan O'Reilly wins face-off versus Alexis Lafreniere in neutral zone.
17:36 of 2nd period - Wrist shot by Alexander Wennberg.
17:36 of 2nd period - Shot Misses the Net.
17:38 of 2nd period - Slapshot by Alec Martinez.
17:38 of 2nd period - Shot Blocked by Martin Fehervary.
17:40 of 2nd period - Backhand shot by Taylor Hall.
17:40 of 2nd period - Shot Misses the Net.
17:52 of 2nd period - Snap shot by Alexander Wennberg.
17:52 of 2nd period - Shot Misses the Net.
17:54 of 2nd period - Snap shot by Josh Anderson.
17:54 of 2nd period - Deflect By Taylor Hall.
17:54 of 2nd period - Stopped by Andrei Vasilevskiy without a rebound.
17:55 of 2nd period - Casey Cizikas wins face-off versus Evgeny Kuznetsov in Colorado Rockies zone.
17:56 of 2nd period - Slapshot by Alexis Lafreniere.
17:56 of 2nd period - Stopped by Andrei Vasilevskiy with a rebound.
17:58 of 2nd period - Snap shot by Alexis Lafreniere.
17:58 of 2nd period - Shot Blocked by Evgeny Kuznetsov.
18:00 of 2nd period - Slapshot by Jaccob Slavin.
18:00 of 2nd period - Stopped by Andrei Vasilevskiy with a rebound.
18:02 of 2nd period - Snap shot by Alexis Lafreniere.
18:02 of 2nd period - Shot Blocked by Roman Josi.
18:04 of 2nd period - Wrist shot by Alexis Lafreniere.
18:04 of 2nd period - Goal by Alexis Lafreniere - Colorado Rockies : 3 - Hartford Whalers : 4.
18:05 of 2nd period - Casey Cizikas wins face-off versus Ryan O'Reilly in neutral zone.
18:18 of 2nd period - Slapshot by Jaccob Slavin.
18:18 of 2nd period - Shot Blocked by Victor Hedman.
18:18 of 2nd period - Victor Hedman from Colorado Rockies is injured at 18:18 of 2nd period (Sprained Left Knee).
18:19 of 2nd period - Evgeny Kuznetsov wins face-off versus Casey Cizikas in Colorado Rockies zone.
18:39 of 2nd period - Off-side.
18:40 of 2nd period - Joshua Norris wins face-off versus Nikita Kucherov in neutral zone.
18:43 of 2nd period - Tim Stutzle is hit by Anthony Mantha and loses puck.
18:48 of 2nd period - Wrist shot by Joshua Norris.
18:48 of 2nd period - Shot Misses the Net.
18:50 of 2nd period - Slapshot by Jaccob Slavin.
18:50 of 2nd period - Shot Misses the Net.
18:52 of 2nd period - Snap shot by John Hayden.
18:52 of 2nd period - Stopped by Andrei Vasilevskiy without a rebound.
18:53 of 2nd period - Casey Cizikas wins face-off versus Evgeny Kuznetsov in Colorado Rockies zone.
18:58 of 2nd period - Wrist shot by Alexis Lafreniere.
18:58 of 2nd period - Stopped by Andrei Vasilevskiy with a rebound.
19:04 of 2nd period - Slapshot by Alexis Lafreniere.
19:04 of 2nd period - Stopped by Andrei Vasilevskiy without a rebound.
19:05 of 2nd period - Alexander Wennberg wins face-off versus Ryan O'Reilly in Colorado Rockies zone.
19:30 of 2nd period - Wrist shot by Joshua Norris.
19:30 of 2nd period - Stopped by Andrei Vasilevskiy without a rebound.
19:31 of 2nd period - Joshua Norris wins face-off versus Kyle Connor in Colorado Rockies zone.
19:46 of 2nd period - Snap shot by Joshua Norris.
19:46 of 2nd period - Deflect By John Hayden.
19:46 of 2nd period - Goal by John Hayden - Colorado Rockies : 3 - Hartford Whalers : 5.
19:47 of 2nd period - Evgeny Kuznetsov wins face-off versus Casey Cizikas in neutral zone.
Goals for this period are 3 for Colorado Rockies vs 3 for Hartford Whalers.
Shots for this period are 16 for Colorado Rockies vs 16 for Hartford Whalers.
3rd period
0:01 of 3rd period - Ryan O'Reilly wins face-off versus Alexander Wennberg in neutral zone.
0:31 of 3rd period - Snap shot by Anthony Mantha.
0:31 of 3rd period - Stopped by Andrei Vasilevskiy without a rebound.
0:32 of 3rd period - Joshua Norris wins face-off versus Evgeny Kuznetsov in Colorado Rockies zone.
0:33 of 3rd period - Wrist shot by John Hayden.
0:33 of 3rd period - Stopped by Andrei Vasilevskiy with a rebound.
0:52 of 3rd period - Minor Penalty to Thomas Chabot for Tripping.
0:53 of 3rd period - Josh Anderson wins face-off versus Ryan O'Reilly in Hartford Whalers zone.
1:07 of 3rd period - Alexander Wennberg is hit by Jesper Bratt.
1:37 of 3rd period - Casey Cizikas is hit by Roman Josi and loses puck.
1:50 of 3rd period - Wrist shot by Josh Anderson.
1:50 of 3rd period - Stopped by Andrei Vasilevskiy without a rebound.
1:51 of 3rd period - Alexander Wennberg wins face-off versus Ryan O'Reilly in Colorado Rockies zone.
1:54 of 3rd period - Wrist shot by Taylor Hall.
1:54 of 3rd period - Shot Misses the Net.
1:56 of 3rd period - Slapshot by Alec Martinez.
1:56 of 3rd period - Stopped by Andrei Vasilevskiy without a rebound.
1:57 of 3rd period - Alexander Wennberg wins face-off versus Tim Stutzle in Colorado Rockies zone.
2:10 of 3rd period - Snap shot by Nikita Kucherov.
2:10 of 3rd period - Stopped by Anton Forsberg without a rebound.
2:11 of 3rd period - Alexander Wennberg wins face-off versus Tim Stutzle in Hartford Whalers zone.
2:11 of 3rd period - Alexander Wennberg is hit by Shea Theodore.
2:52 of 3rd period - Penalty to Thomas Chabot is over, Thomas Chabot is back on ice.
3:05 of 3rd period - Slapshot by Kevin Hayes.
3:05 of 3rd period - Deflect By Kyle Palmieri.
3:05 of 3rd period - Goal by Kyle Palmieri - Colorado Rockies : 4 - Hartford Whalers : 5.
3:06 of 3rd period - Ryan O'Reilly wins face-off versus Casey Cizikas in neutral zone.
3:26 of 3rd period - Torey Krug is hit by Shea Theodore and loses puck.
4:03 of 3rd period - Snap shot by Alexis Lafreniere.
4:03 of 3rd period - Deflect By Josh Anderson.
4:03 of 3rd period - Shot Misses the Net.
4:03 of 3rd period - Puck is out of play.
4:04 of 3rd period - Dylan Strome wins face-off versus Alexander Wennberg in Colorado Rockies zone.
4:04 of 3rd period - Dylan Strome is hit by Alexander Wennberg.
4:15 of 3rd period - Minor Penalty to Thomas Chabot for Hooking.
4:16 of 3rd period - Alexander Wennberg wins face-off versus Tim Stutzle in Hartford Whalers zone.
6:15 of 3rd period - Penalty to Thomas Chabot is over, Thomas Chabot is back on ice.
6:27 of 3rd period - Torey Krug is hit by Nick Bonino and loses puck.
6:44 of 3rd period - Marcus Foligno is hit by Roman Josi and loses puck.
7:23 of 3rd period - Minor Penalty to Kyle Palmieri for Tripping.
7:24 of 3rd period - Casey Cizikas wins face-off versus Ryan O'Reilly in Colorado Rockies zone.
7:50 of 3rd period - Wrist shot by Thomas Chabot.
7:50 of 3rd period - Stopped by Andrei Vasilevskiy without a rebound.
7:51 of 3rd period - Alexander Wennberg wins face-off versus Evgeny Kuznetsov in Colorado Rockies zone.
7:52 of 3rd period - Wrist shot by Taylor Hall.
7:52 of 3rd period - Shot Misses the Net.
7:54 of 3rd period - Wrist shot by Josh Anderson.
7:54 of 3rd period - Shot Misses the Net.
8:04 of 3rd period - Wrist shot by Taylor Hall.
8:04 of 3rd period - Shot Misses the Net.
8:06 of 3rd period - Slapshot by Josh Anderson.
8:06 of 3rd period - Shot Misses the Net.
8:15 of 3rd period - Off-side.
8:16 of 3rd period - Ryan O'Reilly wins face-off versus Alexis Lafreniere in neutral zone.
8:19 of 3rd period - Slapshot by Roman Josi.
8:19 of 3rd period - Shot Misses the Net.
9:23 of 3rd period - Penalty to Kyle Palmieri is over, Kyle Palmieri is back on ice.
9:25 of 3rd period - Snap shot by Tim Stutzle.
9:25 of 3rd period - Stopped by Anton Forsberg with a rebound.
9:31 of 3rd period - Slapshot by Thomas Chabot.
9:31 of 3rd period - Deflect By Kyle Palmieri.
9:31 of 3rd period - Stopped by Andrei Vasilevskiy without a rebound.
9:32 of 3rd period - Jesper Bratt wins face-off versus Joshua Norris in Colorado Rockies zone.
9:32 of 3rd period - Jesper Bratt is hit by John Hayden.
9:38 of 3rd period - Slapshot by Quinn Hughes.
9:38 of 3rd period - Shot Misses the Net.
9:50 of 3rd period - Jaccob Slavin is hit by Quinn Hughes and loses puck.
10:21 of 3rd period - Slapshot by Torey Krug.
10:21 of 3rd period - Stopped by Andrei Vasilevskiy with a rebound.
10:41 of 3rd period - Slapshot by Torey Krug.
10:41 of 3rd period - Stopped by Andrei Vasilevskiy without a rebound.
10:42 of 3rd period - Nick Bonino wins face-off versus Alexis Lafreniere in Colorado Rockies zone.
10:53 of 3rd period - Snap shot by Kevin Hayes.
10:53 of 3rd period - Stopped by Anton Forsberg without a rebound.
10:54 of 3rd period - Ryan O'Reilly wins face-off versus Alexander Wennberg in Hartford Whalers zone.
11:53 of 3rd period - Taylor Hall is hit by Roman Josi and loses puck.
12:04 of 3rd period - Snap shot by Nikita Kucherov.
12:04 of 3rd period - Stopped by Anton Forsberg with a rebound.
12:30 of 3rd period - Slapshot by Alec Martinez.
12:30 of 3rd period - Stopped by Andrei Vasilevskiy without a rebound.
12:31 of 3rd period - Casey Cizikas wins face-off versus Evgeny Kuznetsov in Colorado Rockies zone.
12:50 of 3rd period - Alexis Lafreniere is hit by Evgeny Kuznetsov and loses puck.
13:09 of 3rd period - Snap shot by Anthony Mantha.
13:09 of 3rd period - Shot Misses the Net.
13:11 of 3rd period - Wrist shot by Joshua Norris.
13:11 of 3rd period - Stopped by Andrei Vasilevskiy without a rebound.
13:12 of 3rd period - Lukas Reichel wins face-off versus Nick Bonino in Colorado Rockies zone.
13:17 of 3rd period - Slapshot by Torey Krug.
13:17 of 3rd period - Stopped by Andrei Vasilevskiy with a rebound.
13:19 of 3rd period - Snap shot by Torey Krug.
13:19 of 3rd period - Shot Blocked by Kevin Hayes.
13:21 of 3rd period - Wrist shot by Torey Krug.
13:21 of 3rd period - Stopped by Andrei Vasilevskiy with a rebound.
13:23 of 3rd period - Slapshot by Connor Clifton.
13:23 of 3rd period - Shot Misses the Net.
13:25 of 3rd period - Slapshot by Torey Krug.
13:25 of 3rd period - Shot Blocked by Kyle Palmieri.
13:27 of 3rd period - Slapshot by Lukas Reichel.
13:27 of 3rd period - Stopped by Andrei Vasilevskiy without a rebound.
13:28 of 3rd period - Casey Cizikas wins face-off versus Evgeny Kuznetsov in Colorado Rockies zone.
13:36 of 3rd period - Minor Penalty to Martin Fehervary for Hooking.
13:37 of 3rd period - Casey Cizikas wins face-off versus Evgeny Kuznetsov in Colorado Rockies zone.
13:46 of 3rd period - Off-side.
13:47 of 3rd period - Ryan O'Reilly wins face-off versus Alexis Lafreniere in neutral zone.
14:00 of 3rd period - Slapshot by Thomas Chabot.
14:00 of 3rd period - Shot Blocked by Roman Josi.
14:02 of 3rd period - Wrist shot by Thomas Chabot.
14:02 of 3rd period - Deflect By Quinn Hughes.
14:02 of 3rd period - Stopped by Andrei Vasilevskiy with a rebound.
14:04 of 3rd period - Slapshot by Jaccob Slavin.
14:04 of 3rd period - Shot Blocked by Quinn Hughes.
14:06 of 3rd period - Wrist shot by Jaccob Slavin.
14:06 of 3rd period - Stopped by Andrei Vasilevskiy without a rebound.
14:07 of 3rd period - Alexander Wennberg wins face-off versus Evgeny Kuznetsov in Colorado Rockies zone.
14:20 of 3rd period - Snap shot by Taylor Hall.
14:20 of 3rd period - Shot Blocked by Tim Stutzle.
14:38 of 3rd period - Slapshot by Alexander Wennberg.
14:38 of 3rd period - Shot Misses the Net.
14:40 of 3rd period - Snap shot by Josh Anderson.
14:40 of 3rd period - Shot Blocked by Quinn Hughes.
14:50 of 3rd period - Snap shot by Josh Anderson.
14:50 of 3rd period - Stopped by Andrei Vasilevskiy with a rebound.
14:52 of 3rd period - Snap shot by Alec Martinez.
14:52 of 3rd period - Shot Blocked by Quinn Hughes.
14:54 of 3rd period - Slapshot by Alexander Wennberg.
14:54 of 3rd period - Deflect By Taylor Hall.
14:54 of 3rd period - Shot Misses the Net.
14:54 of 3rd period - Puck is out of play.
14:55 of 3rd period - Casey Cizikas wins face-off versus Evgeny Kuznetsov in Colorado Rockies zone.
15:36 of 3rd period - Penalty to Martin Fehervary is over, Martin Fehervary is back on ice.
15:42 of 3rd period - Slapshot by Nick Schmaltz.
15:42 of 3rd period - Stopped by Anton Forsberg with a rebound.
15:44 of 3rd period - Wrist shot by Evgeny Kuznetsov.
15:44 of 3rd period - Stopped by Anton Forsberg with a rebound.
15:46 of 3rd period - Backhand shot by Evgeny Kuznetsov.
15:46 of 3rd period - Goal by Evgeny Kuznetsov - Colorado Rockies : 5 - Hartford Whalers : 5.
15:47 of 3rd period - Joshua Norris wins face-off versus Dylan Strome in neutral zone.
16:12 of 3rd period - Dylan Strome is hit by Taylor Hall and loses puck.
16:21 of 3rd period - Backhand shot by Taylor Hall.
16:21 of 3rd period - Shot Misses the Net.
16:23 of 3rd period - Snap shot by Alexander Wennberg.
16:23 of 3rd period - Shot Misses the Net.
16:43 of 3rd period - Snap shot by Lukas Reichel.
16:43 of 3rd period - Goal by Lukas Reichel - Colorado Rockies : 5 - Hartford Whalers : 6.
16:44 of 3rd period - Joshua Norris wins face-off versus Nikita Kucherov in neutral zone.
17:01 of 3rd period - Anthony Mantha is hit by Ryan O'Reilly and loses puck.
17:14 of 3rd period - Wrist shot by Nick Schmaltz.
17:14 of 3rd period - Stopped by Anton Forsberg without a rebound.
17:15 of 3rd period - Dylan Strome wins face-off versus Lukas Reichel in Hartford Whalers zone.
17:22 of 3rd period - Slapshot by Quinn Hughes.
17:22 of 3rd period - Shot Blocked by Mark Kastelic.
17:32 of 3rd period - Icing by Martin Fehervary.
17:33 of 3rd period - Dylan Strome wins face-off versus Joshua Norris in Colorado Rockies zone.
17:33 of 3rd period - Dylan Strome is hit by Alec Martinez.
17:39 of 3rd period - Wrist shot by Joshua Norris.
17:39 of 3rd period - Stopped by Andrei Vasilevskiy with a rebound.
17:41 of 3rd period - Wrist shot by John Hayden.
17:41 of 3rd period - Shot Misses the Net.
17:43 of 3rd period - Slapshot by Trevor van Riemsdyk.
17:43 of 3rd period - Stopped by Andrei Vasilevskiy with a rebound.
17:45 of 3rd period - Slapshot by Joshua Norris.
17:45 of 3rd period - Stopped by Andrei Vasilevskiy without a rebound.
17:46 of 3rd period - Ryan O'Reilly wins face-off versus Joshua Norris in Colorado Rockies zone.
17:51 of 3rd period - Jaccob Slavin is hit by Nikita Kucherov and loses puck.
18:12 of 3rd period - Lukas Reichel is hit by Jesper Bratt and loses puck.
18:38 of 3rd period - Colorado Rockies, Andrei Vasilevskiy is pulled from the net.
18:56 of 3rd period - Wrist shot by Jesper Bratt.
18:56 of 3rd period - Deflect By Dylan Strome.
18:56 of 3rd period - Shot Misses the Net.
18:56 of 3rd period - Puck is out of play.
18:57 of 3rd period - Bruce Cassidy call a timeout for Colorado Rockies.
18:57 of 3rd period - Tim Stutzle wins face-off versus Alexander Wennberg in Hartford Whalers zone.
18:58 of 3rd period - Snap shot by Nikita Kucherov.
18:58 of 3rd period - Shot Misses the Net.
19:04 of 3rd period - Kyle Connor is hit by Taylor Hall and loses puck.
19:11 of 3rd period - Snap shot by Alexander Wennberg.
19:11 of 3rd period - Goal by Alexander Wennberg - Colorado Rockies : 5 - Hartford Whalers : 7.
19:11 of 3rd period - Andrei Vasilevskiy from Colorado Rockies was sent back in the game.
19:12 of 3rd period - Joshua Norris wins face-off versus Dylan Strome in neutral zone.
19:23 of 3rd period - Wrist shot by Jesper Bratt.
19:23 of 3rd period - Shot Hit the Post.
19:25 of 3rd period - Snap shot by Jesper Bratt.
19:25 of 3rd period - Shot Misses the Net.
19:27 of 3rd period - Snap shot by Jesper Bratt.
19:27 of 3rd period - Shot Blocked by Jaccob Slavin.
19:29 of 3rd period - Slapshot by Shea Theodore.
19:29 of 3rd period - Stopped by Anton Forsberg without a rebound.
19:30 of 3rd period - Nick Bonino wins face-off versus Lukas Reichel in Hartford Whalers zone.
19:33 of 3rd period - Slapshot by Quinn Hughes.
19:33 of 3rd period - Shot Blocked by Trevor van Riemsdyk.
19:45 of 3rd period - Wrist shot by Mark Kastelic.
19:45 of 3rd period - Shot Misses the Net.
19:56 of 3rd period - Minor Penalty to John Hayden for Interference.
19:57 of 3rd period - Ryan O'Reilly wins face-off versus Alexander Wennberg in Hartford Whalers zone.
Goals for this period are 2 for Colorado Rockies vs 2 for Hartford Whalers.
Shots for this period are 10 for Colorado Rockies vs 21 for Hartford Whalers.
Back to the Top